 Dungeon Crawl Stone Soup version 0.31.0-11-ge490571c62 (webtiles) character file.

Game seed: 6163900026053716989

5 browni3141 the Cudgeller (level 1, -1/18 HPs)
             Began as a Naga Monk on Feb 1, 2024.
             Slain by an adder (2 damage)
             ... on level 2 of the Dungeon.
             The game lasted 00:02:12 (120 turns).

browni3141 the Cudgeller (Naga Monk)                 Turns: 120, Time: 00:02:12

Health: -1/18      AC:  1    Str: 13    XL:     1   Next: 80%
Magic:  1/1        EV: 10    Int: 10    God:
Gold:   11         SH:  0    Dex: 15    Spells: 0/0 levels left

rFire   . . .        a - +0 mace
rCold   . . .        d - orb {light}
rNeg    . . .        b - +0 robe
rPois   +            (no helmet)
rElec   .            (no cloak)
rCorr   .            (no gloves)
SInv    +            (no barding)
Will    .....        (no amulet)
Stlth   +            (no ring)
HPRegen 0.23/turn    (no ring)
MPRegen 0.07/turn

%: no passive effects
@: lethally poisoned (-1 -> -8), glowing, very slow
A: AC +0, large, see invisible, deformed body, poison resistance, slowness 2,
spit poison 1, naga tail 1, thin skeletal structure 1, frail 1
a: Spit Poison


You were on level 2 of the Dungeon.
You visited 1 branch of the dungeon, and saw 2 of its levels.

You collected 11 gold pieces.

Inventory:

Hand Weapons
 a - a +0 mace (weapon)
Armour
 b - a +0 robe (worn)
 d - an orb of light (worn)
Scrolls
 e - a scroll of teleportation {unknown}
Potions
 c - a potion of ambrosia


   Skills:
 + Level 3.1 Fighting
 + Level 3.1 Maces & Flails
 + Level 2.5 Dodging


You couldn't memorise any spells.
You didn't know any spells.
Your spell library was empty.

Dungeon Overview and Level Annotations

Branches:
Dungeon (2/15)

Altars:


Innate Abilities, Weirdness & Mutations

Your serpentine skin is tough. (AC +0)
You have supernaturally acute eyesight. (SInv)
Armour fits poorly on your strangely shaped body.
Your system is resistant to poisons. (rPois)
You cover ground very slowly.
You can spit poison.
You have a snake-like lower body.
You have a somewhat thin skeletal structure. (Dex +2, Stealth+)
You are frail. (-10% HP)


Message History

You have got your breath back.
The ribbon worm looks more healthy.
The ribbon worm expels a string of sticky webbing.
The stream of webbing misses you.
Aiming: Spit Poison (3% risk of failure)
Press: ? - help, Q - select action Shift-Dir - straight line, f/p - ribbon worm
Aim: a ribbon worm (lightly wounded, catching its breath, 84% to hit)
The splash of poison misses the ribbon worm.
You have got your breath back.
The ribbon worm expels a string of sticky webbing.
The stream of webbing hits you but does no damage.
You are caught in a web!
There is a web here.
You struggle to detach yourself from the web.
You struggle to detach yourself from the web.
You struggle to detach yourself from the web.
The web tears apart.
The ribbon worm expels a string of sticky webbing.
The stream of webbing hits you but does no damage.
You are caught in a web!
The web tears apart.
The ribbon worm bites you but does no damage.
You hit the ribbon worm.
The ribbon worm is lightly wounded.
The ribbon worm barely misses you.
You thump the ribbon worm!
The ribbon worm is heavily wounded.
The ribbon worm bites you.
You hit the ribbon worm.
The ribbon worm is heavily wounded.
The ribbon worm barely misses you.
You hit the ribbon worm.
The ribbon worm is heavily wounded.
The ribbon worm expels a string of sticky webbing.
The stream of webbing hits you but does no damage.
You are caught in a web!
The web tears apart.
The ribbon worm closely misses you.
You hit the ribbon worm.
The ribbon worm is severely wounded.
The ribbon worm closely misses you.
You hit the ribbon worm.
The ribbon worm is almost dead.
The ribbon worm expels a string of sticky webbing.
The stream of webbing hits you but does no damage.
You are caught in a web!
You struggle to detach yourself from the web.
The ribbon worm bites you.
You struggle to detach yourself from the web.
The web tears apart.
The ribbon worm bites you.
Aiming: Spit Poison (3% risk of failure)
Press: ? - help, Q - select action Shift-Dir - straight line, f/p - ribbon worm
Aim: a ribbon worm (severely wounded, catching its breath, haloed, 91% to hit)
The splash of poison hits the ribbon worm.
The ribbon worm is poisoned.
You kill the ribbon worm!
You open the door.
A frilled lizard comes into view.
The frilled lizard hisses angrily.
You closely miss the frilled lizard. The frilled lizard bites you.
You hit the frilled lizard.
You kill the frilled lizard!
You have got your breath back.
There is an open door, spattered with blood here.
You open the door.
There is an open door here.
A rat comes into view.
The rat squeaks loudly.
You see here 11 gold pieces.
You now have 11 gold pieces.
You hit the rat.
You kill the rat!
A bat comes into view.
The bat hits you but does no damage. The bat hits you.
The splash of poison hits the bat.
You kill the bat!
You have got your breath back.
A dart slug comes into view.
The splash of poison hits the dart slug!
The dart slug is severely wounded.
An adder comes into view.
The adder hisses angrily.
The dart slug launches a dart at you. The slug dart hits you.
You hit the adder.
The adder is moderately wounded.
The adder bites you.
You are poisoned.
The adder poisons you! The adder bites you.
You are more poisoned.
The adder poisons you!
It was a potion of mutation.
You feel extremely strange.
Your bones become slightly less dense.
You feel frail.
You feel very sick. The adder barely misses you.
You hit the adder.
The adder is moderately wounded.
You have got your breath back.
You feel very sick. The adder bites you.
You die...

#.# #.### ....# ## #.#.#
## ...# .####.#.#
#.....#+##### .'......#
#.. ...?..... .####.#.#
.....)......
.####'#.##.###.#........
.#......##......S.......
.#......########@#+#
##.................#
#.......#######.###
.........# #w#
##.......# #.# #.......#
#.# #........ ...
#######.## #.# ..# .#


You could see an adder and a dart slug.

Vanquished Creatures
  A ribbon worm (D:2)
  A bat (D:2)
  A frilled lizard (D:2)
  A rat (D:2)
4 creatures vanquished.

Notes
Turn   | Place    | Note
-------+----------+-------------------------------------------
     0 | D:1      | browni3141 the Naga Monk began the quest for the Orb.
     0 | D:1      | Reached XP level 1. HP: 21/21 MP: 1/1
   119 | D:2      | Gained mutation: You have a somewhat thin skeletal
                  | structure. (Dex +2, Stealth+) [potion of mutation]
   119 | D:2      | Gained mutation: You are frail. (-10% HP) [potion of
                  | mutation]
   120 | D:2      | Slain by an adder

Illustrated notes

Levels and vault maps discovered:
D:1:      dpeg_arrival_snail, layout_basic
D:2:      layout_basic, grunt_ministairs_6

Action                     || total
---------------------------++-------
  Melee: Mace              ||    11
Ability: Spit Poison       ||     5
    Use: Potion            ||     1
 Armour: Robe              ||    11
  Dodge: Dodged            ||     7
